 Dungeon Crawl Stone Soup version 0.26-a0-652-gafc20e3620 (webtiles) character file.

Game seed: 17537156482655178141

1 rogsnak the Digger (level 1, -2/10 HPs)
             Began as a Deep Elf Earth Elementalist on Oct 2, 2020.
             Slain by a hobgoblin (3 damage)
             ... on level 1 of the Dungeon.
             The game lasted 00:00:19 (91 turns).

rogsnak the Digger (Deep Elf Earth Elementalist)      Turns: 91, Time: 00:00:20

Health: -2/10      AC:  2    Str:  5    XL:     1   Next: 16%
Magic:  6/6        EV: 10    Int: 19    God:
Gold:   0          SH:  0    Dex: 15    Spells: 5/6 levels left

rFire    . . .     SeeInvis .   d - -3 hand axe (curse)
rCold    . . .     Faith    .   (no shield)
rNeg     . . .     Spirit   .   c - +0 robe
rPois    .         Reflect  .   (no helmet)
rElec    .         Harm     .   (no cloak)
rCorr    .         Rampage  .   (no gloves)
MR       .....                  (no boots)
Stlth    ++........             (no amulet)
HPRegen  0.03/turn              (no ring)
MPRegen  0.10/turn              (no ring)

@: constricted
A: no striking features
a: no special abilities


You were on level 1 of the Dungeon.
You visited 1 branch of the dungeon, and saw 1 of its levels.

Inventory:

Hand Weapons
 d - a cursed -3 hand axe (weapon)
Missiles
 a - 3 boomerangs
 b - 29 stones (quivered)
Armour
 c - a +0 robe (worn)


   Skills:
 + Level 2.4 Dodging
 + Level 2.4 Stealth
 + Level 3.0 Spellcasting
   Level 1.1 Transmutations
 + Level 3.3 Earth Magic


You had 5 spell levels left.
You knew the following spells:

 Your Spells              Type           Power        Failure   Level
a - Sandblast             Erth           ###...       3%          1

Your spell library contained the following spells:

 Spells                   Type           Power        Failure   Level
 Passwall                 Tmut/Erth      ##......     10%         2
 Stone Arrow              Conj/Erth      #.....       22%         3
 Petrify                  Tmut/Erth      ##......     52%         4
 Lee's Rapid Deconstruct  Erth           ###.......   71%         5


Dungeon Overview and Level Annotations

Branches:
Dungeon (1/15)

Altars:


Message History

Found a pink potion.
You escape the ball python's grasp.
The bat hits you but does no damage. The hobgoblin closely misses you.
The bat hits you but does no damage. The hobgoblin closely misses you.
The bat closely misses you.
The hobgoblin hits you but does no damage.
The ball python completely misses you. The ball python grabs you.
The ball python constricts you. The bat hits you but does no damage.
The hobgoblin closely misses you. The ball python barely misses you.
The ball python constricts you. The bat hits you. The hobgoblin misses you.
The bat hits you. The ball python barely misses you.
The ball python constricts you. The bat hits you. The ball python bites you.
* * * LOW HITPOINT WARNING * * *
The ball python constricts you. The hobgoblin hits you.
* * * LOW HITPOINT WARNING * * *
The bat hits you but does no damage.
The ball python bites you but does no damage.
The ball python constricts you. The hobgoblin hits you.
You die...

.## #.!. ...#. ....##
#########.....
#...........## ######
#.............
....>######.....@.>.#
##...#..........Sg..#
#.....# ##...b.....#
#....## #......)..##
#....# #..........#
#.†.######..........#
#.......########.##.#
#...###.## ###...#
... #...#
#..###..[########


You could see a hobgoblin, a bat and a ball python.

Vanquished Creatures
  A bat (D:1)
1 creature vanquished.

Notes
Turn   | Place    | Note
-------+----------+-------------------------------------------
     0 | D:1      | rogsnak the Deep Elf Earth Elementalist began the quest for
                  | the Orb.
     0 | D:1      | Reached XP level 1. HP: 10/10 MP: 6/6
    91 | D:1      | Slain by a hobgoblin

Illustrated notes

Levels and vault maps discovered:
D:1:      minmay_arrival_jagged, layout_rooms

Action                   || total
-------------------------++-------
 Cast: Sandblast         ||     1
Armor: Robe              ||     7
Dodge: Dodged            ||    14

Table legend: (Time is in decaauts)
 A = Elapsed time spent in this place.
 B = Non-inter-level travel time spent in this place.
 C = Inter-level travel time spent in this place.
 D = Time resting spent in this place.
 E = Time spent auto-exploring this place.
 F = Levels seen in this place.
 G = Mean time per level.
                   A        B        C        D        E       F      G
               +--------+--------+--------+--------+--------+-----+--------+
         Total |     90 |     90 |      0 |     19 |     37 |   1 |   90.0 |
       Dungeon |     90 |     90 |      0 |     19 |     37 |   1 |   90.0 |
               +--------+--------+--------+--------+--------+-----+--------+

Top non-repeatable levels by time:
     D:1: 90 daAuts
